 Dungeon Crawl Stone Soup version 0.29-a0-565-g7a16c6de65 (webtiles) character file.

Game seed: 1732568662483630000

66 Lekart the Skirmisher (level 3, 0/33 HPs)
             Began as a Draconian Chaos Knight on June 12, 2022.
             Was a Plaything of Xom.
             Slain by a gnoll
             ... wielding a +0 flail
              (7 damage)
             ... on level 3 of the Dungeon.
             The game lasted 00:05:12 (1915 turns).

Lekart the Skirmisher (Draconian Chaos Knight)      Turns: 1915, Time: 00:05:13

Health: 0/33       AC:  5    Str: 16    XL:     3   Next: 96%
Magic:  3/3        EV: 12    Int: 12    God:    Xom [.*....]
Gold:   156        SH:  0    Dex: 10    Spells: 2/2 levels left

rFire   . . .      SeeInvis .   a - +0 hand axe (chaos)
rCold   . . .      Faith    .   (no shield)
rNeg    . . .      Spirit   .   (body armour unavailable)
rPois   .          Reflect  .   (helmet restricted)
rElec   .          Harm     .   (no cloak)
rCorr   .          Rampage  .   (no gloves)
Will    .....                   (no boots)
Stlth   +.........              (no amulet)
HPRegen 0.11/turn               (no ring)
MPRegen 0.08/turn               (no ring)

@: no status effects
A: AC +5, unfitting armour, cold-blooded
a: Renounce Religion


You were on level 3 of the Dungeon.
You worshipped Xom.
You were a plaything of Xom.
You visited 1 branch of the dungeon, and saw 3 of its levels.

You collected 156 gold pieces.

Inventory:

Hand Weapons
 a - a +0 hand axe of chaos (weapon)
Jewellery
 g - an amulet of faith
Scrolls
 c - 4 scrolls of teleportation
 h - a scroll of fear
Potions
 d - a potion of haste
 e - a potion of invisibility {unknown}
 f - a potion of brilliance
Miscellaneous
 b - a piece from Xom's chessboard (7/15) (quivered)


   Skills:
 + Level 3.8 Fighting
 + Level 3.8 Axes
 * Level 3.0 Dodging
 + Level 0.2 Evocations


You had 2 spell levels left.
You didn't know any spells.
Your spell library contained the following spells:

 Spells                   Type           Power      Damage    Failure   Level
 Stone Arrow              Conj/Erth      0%         3d7       69%         3
 Lehudib's Crystal Spear  Conj/Erth      0%         10d2      100%        8
 Animate Armour           Summ/Erth      Unusable   N/A       N/A         4

Dungeon Overview and Level Annotations

Branches:
Dungeon (3/15)

Altars:

Shops:
D:1 *

Annotations:
D:1 2 transporters


Innate Abilities, Weirdness & Mutations

Your plain brown scales are hard. (AC +5)
You cannot fit into any form of body armour.
You are cold-blooded and may be slowed by cold attacks.


Message History

You slash something! You burn something.
Reactivating autopickup.
You feel a bit more experienced.
You see here a hobgoblin corpse.
Key pressed, stopping explore.
No target in view!
HP restored.
You open the door.
A gnoll comes into view. It is wielding a +0 halberd.
There is an open door here.
A gnoll comes into view. It is wielding a +0 halberd.
The gnoll shouts!
You hear a shout!
A gnoll comes into view. It is wielding a +0 flail.
There are monsters nearby!
A gnoll comes into view. It is wielding a +0 spear.
The gnoll shouts!
The gnoll hits you with a +0 halberd!
You emit a cloud of colourful smoke!
You slash the gnoll! You freeze the gnoll.
You kill the gnoll!
Your Dodging skill increases to level 3!
The gnoll misses you.
The gnoll hits you from afar with a +0 spear.
The gnoll hits you with a +0 flail.
Things that are here:
a +0 halberd; a gnoll corpse
There is an open door here.
The gnoll attacks as you move away! The gnoll completely misses you.
The gnoll attacks as you move away! The gnoll hits you with a +0 flail!
* * * LOW HITPOINT WARNING * * *
Xom calls forth mighty explosions.
The fireball engulfs the gnoll.
The fireball engulfs the gnoll! x2
As you open the door, it creaks loudly! The gnoll closely misses you.
There is an open door here.
The gnoll attacks as you move away! The gnoll misses you.
The gnoll attacks as you move away! The gnoll barely misses you.
The gnoll attacks as you move away! The gnoll barely misses you.
The gnoll attacks as you move away! The gnoll hits you with a +0 flail!
You die...

### ### #.. ...#### #.#
.....# ##.###.# #..#.#
#......###....####
#..######.........
####...<......).#
#.......######.##
#.##@##.# #.# #.##g##.#
#.# #.##.##.# ##'##
#.##g.#.# ##...##
#.###g#.# ##.....##
#.##..#.###.......##
#####....(..##.........#
...............g.........+
#########....###....†....#


You could see 3 gnolls.

Vanquished Creatures
  2 gnolls
  An adder (D:2)
  A dart slug (D:2)
  7 endoplasms
  2 giant cockroaches
  2 goblins
  3 hobgoblins
  A jackal (D:2)
  A quokka (D:2)
  2 ball pythons (D:2)
  A frilled lizard (D:1)
  6 kobolds (D:2)
  3 rats
32 creatures vanquished.

Vanquished Creatures (collateral kills)
  A jackal (D:2)
1 creature vanquished.

Vanquished Creatures (others)
  A plant (D:3)
1 creature vanquished.

Grand Total: 34 creatures vanquished

Notes
Turn   | Place    | Note
-------+----------+-------------------------------------------
     0 | D:1      | Lekart the Draconian Chaos Knight began the quest for the
                  | Orb.
     0 | D:1      | Reached XP level 1. HP: 19/19 MP: 1/1
   165 | D:1      | XOM: silly message
   379 | D:1      | Found Karanis's Assorted Antiques.
   388 | D:1      | XOM: silly message
   473 | D:1      | Reached XP level 2. HP: 25/26 MP: 2/2
   511 | D:1      | XOM: 3-stop teleportation journey
   526 | D:1      | Found a faded altar of an unknown god.
   776 | D:1      | XOM is BORED!
   826 | D:2      | XOM: divination: detect creatures
  1081 | D:2      | XOM: noise
  1191 | D:2      | XOM: enchant monster (bad)
  1199 | D:2      | Reached XP level 3. HP: 33/33 MP: 3/3
  1231 | D:2      | XOM: cast spell 'Call Canine Familiar'
  1268 | D:2      | XOM: enchant monster (bad)
  1892 | D:3      | XOM: smoke on damage
  1902 | D:3      | XOM: destruction
  1915 | D:3      | Slain by a gnoll

Illustrated notes

Levels and vault maps discovered:
D:1:      spicycebolla_arrival_transporter_tutorial, layout_basic,
          ebering_ecumenical_altar_rust, serial_shops, shop,
          minmay_misc_feat_enclosed, minivault_25
D:2:      layout_basic, serial_rivers, chequers_serial_rivers_room_a,
          chequers_serial_rivers_micro_e, chequers_serial_rivers_micro_c,
          chequers_serial_rivers_micro_b, st_stairs_11, cheibrodos_gnoll_hut
D:3:      layout_loops_corners, columned_hall_lemuel, corexii_shack

Skill      XL: |  1  2  3 |
---------------+----------+-----
Dodging        | 3 |  3.0
Fighting       | |  3.8
Axes           | |  3.8
Evocations     | |  0.2

Action                   || total
-------------------------++-------
Melee: Hand axe          ||    82
       Tailslap          ||    11
Evoke: Piece from Xom's  ||    10
  Use: Scroll            ||     4
 Stab: Sleeping          ||     2
       Petrified         ||     5
Armor: Skin              ||    26
Dodge: Dodged            ||    57

Table legend: (Time is in decaauts)
 A = Elapsed time spent in this place.
 B = Non-inter-level travel time spent in this place.
 C = Inter-level travel time spent in this place.
 D = Time resting spent in this place.
 E = Time spent auto-exploring this place.
 F = Levels seen in this place.
 G = Mean time per level.
                   A        B        C        D        E       F      G
               +--------+--------+--------+--------+--------+-----+--------+
         Total |   1931 |   1865 |     66 |      0 |   1547 |   3 |  643.7 |
       Dungeon |   1931 |   1865 |     66 |      0 |   1547 |   3 |  643.7 |
               +--------+--------+--------+--------+--------+-----+--------+

Top non-repeatable levels by time:
     D:2: 1048 daAuts
     D:1: 788 daAuts
     D:3: 94 daAuts
